 Dungeon Crawl Stone Soup version 0.31-a0-523-g071a6c1ffa (webtiles) character file.

Game seed: 15255445293926916307

1454 Newt the Mimic (level 8, -2/61 (63) HPs)
             Began as a Grey Draconian Shapeshifter on Aug 11, 2023.
             Was an Initiate of Okawaru.
             Killed by divine providence
             ... invoked by Jeremiah
              (17 damage)
             ... on level 7 of the Dungeon.
             The game lasted 00:05:29 (5819 turns).

Newt the Mimic (Grey Draconian Shapeshifter)        Turns: 5819, Time: 00:05:30

HP:   -2/61 (63)    AC: 16    Str: 20    XL:     8   Next: 47%
MP:   17/17         EV: 12    Int: 11    God:    Okawaru [......]
Gold: 330           SH:  5    Dex: 12    Spells: 7/7 levels left

rFire   . .          .
                       - Unarmed
rCold   . . .        (shield currently unavailable)
rNeg    + . .        (body armour unavailable)
rPois   .            (helmet restricted)
rElec   .            r - +0 cloak {rCorr}
rCorr   +            i - +2 pair of gloves
SInv    .            j - +0 pair of boots
Will    .....        g - amulet of reflection
Stlth   +            s - ring "Voprarur" {rN+ rCorr MP+9 Int+3 Stlth+}
HPRegen 0.30/turn    (no ring)
MPRegen 0.15/turn

%: reflection
@: mighty, flux-form, glowing, lightly drained
A: glow, contaminating, AC +11, amphibious, unfitting armour, cold-blooded
a: Begin Untransformation, Renounce Religion


You were on level 7 of the Dungeon.
You worshipped Okawaru.
Okawaru was noncommittal.
You were something dangerously unstable.
You visited 1 branch of the dungeon, and saw 7 of its levels.

You collected 330 gold pieces.

Inventory:

Armour
 d - a +0 helmet
 e - a +0 cloak
 i - a +2 pair of gloves (worn)
 j - a +0 pair of boots (worn)
 r - a +0 cloak of preservation (worn)
Jewellery
 g - an amulet of reflection (around neck)
 k - a ring of fire
 s - the ring "Voprarur" (left hand) {rN+ rCorr MP+9 Int+3 Stlth+}
   (You found it on level 6 of the Dungeon)

   [ring of magical power]

   Int+3:     It affects your intelligence (+3).
   rN+:       It protects you from negative energy.
   MP+9:      It affects your magic capacity (+9).
   rCorr:     It protects you from acid and corrosion.
   Stlth+:    It makes you more stealthy.
Talismans
 b - a beast talisman
 c - a flux talisman (active)
Wands
 u - a wand of roots (4)
Scrolls
 m - a scroll of amnesia
 n - a scroll of enchant weapon
 p - 2 scrolls of blinking
 t - a scroll of identify
Potions
 a - 2 potions of lignification
 f - 4 potions of heal wounds
 h - a potion of brilliance
 l - a potion of attraction
 o - 3 potions of curing


   Skills:
 - Level 3.0 Fighting
 - Level 1.7 Dodging
 - Level 6.0 Unarmed Combat
 + Level 8.0 Shapeshifting


You had 7 spell levels left.
You didn't know any spells.
Your spell library contained the following spells:

 Spells                   Type           Power      Damage    Failure   Level
 Lesser Beckoning         Tloc           0%         N/A       47%         2
 Gell's Gravitas          Tloc           0%         N/A       71%         3
 Teleport Other           Tloc           0%         N/A       71%         3


Dungeon Overview and Level Annotations

Branches:
Dungeon (7/15)             Temple (0/1) D:6

Altars:
Fedhas
Okawaru
Sif Muna

Annotations:
D:7 Jeremiah


Innate Abilities, Weirdness & Mutations

You are something dangerously unstable.
You glow with magical radiation, making you easy to see and hit.
Foes you strike become dangerously contaminated with magical radiation.
You are incapable of wielding weapons or throwing items.
Your dull iron-grey scales are very hard. (AC +11)
You are amphibious.
You cannot fit into any form of body armour.
You are cold-blooded and may be slowed by cold attacks.


Message History

You closely miss the butterfly. You completely miss the butterfly.
Your tail-slap misses the butterfly.
Jeremiah hops!
You punch the butterfly!
You kill the butterfly!
The butterfly disappears in a burst of colours!
Jeremiah hits you with a +4 glaive of draining!
You partially resist.
You feel drained.
Unknown command.
You feel very mighty all of a sudden.
The butterfly disappears in a burst of colours!
Jeremiah hops!
Unknown command.
You barely miss the butterfly.
Jeremiah mumbles a slurred invocation.
Something smites you!
You miss the butterfly.
Unknown command.
You miss the butterfly. You closely miss the butterfly.
Your tail-slap misses the butterfly.
The butterfly disappears in a burst of colours! x2
The butterfly disappears in a burst of colours!
Jeremiah hops!
You hit the butterfly.
You kill the butterfly!
The butterfly disappears in a burst of colours!
You closely miss the butterfly.
Jeremiah mumbles a slurred invocation.
Something smites you!
You hit the butterfly.
You kill the butterfly!
The butterfly disappears in a burst of colours!
Jeremiah shouts, "O dreadful one, destroy my foe!"
Something smites you!
* * * LOW HITPOINT WARNING * * *
You closely miss the butterfly.
The butterfly disappears in a burst of colours!
Jeremiah shouts, "O dreadful one, destroy my foe!"
Something smites you!
You die...

### #.#
#.##############
#..............#
#.###########.##
#.# #.# #.# #.#
###.#########
#.#
#...B.b.bbbb#
#.#
#.#.#######F#
#.# #.#.. #.# #
#### ###.##
#...<# #.#..#
#.#..# #....#
######


You could see Jeremiah.

Vanquished Creatures
  Prince Ribbit (D:5)
  An ice beast (D:6)
  2 black bears
  An ogre (D:4)
  5 scorpions
  A gnoll sergeant (D:6)
  The ghost of Irreverend the Ruffian, a weakling NaSh (D:3)
  2 jellies
  2 orc priests
  Crazy Yiuf (D:5)
  A gnoll bouda (D:6)
  An iguana (D:5)
  13 gnolls
  8 adders
  2 white imps (D:5)
  2 ufetubi (D:6)
  3 dart slugs (D:1)
  13 orcs
  3 bats
  5 endoplasms
  2 giant cockroaches
  12 goblins
  3 hobgoblins (D:1)
  6 kobolds
  3 quokkas
  13 ball pythons
  A frilled lizard (D:2)
108 creatures vanquished.

Notes
Turn   | Place    | Note
-------+----------+-------------------------------------------
     0 | D:1      | Newt the Draconian Shapeshifter began the quest for the
                  | Orb.
     0 | D:1      | Reached XP level 1. HP: 16/16 MP: 1/1
    96 | D:1      | Reached XP level 2. HP: 17/25 MP: 2/2
   398 | D:1      | Reached XP level 3. HP: 22/31 MP: 3/3
  1283 | D:2      | You fall into a shaft and drop 1 floor!
  1386 | D:3      | Found a blossoming altar of Fedhas.
  1405 | D:3      | Reached XP level 4. HP: 26/38 MP: 4/4
  1406 | D:3      | Reached skill level 4 in Shapeshifting
  1620 | D:3      | Noticed Irreverend's ghost (weakling NaSh)
  1623 | D:3      | Found a runed translucent door.
  1724 | D:3      | Found a faded altar of an unknown god.
  2278 | D:3      | Found a shimmering blue altar of Sif Muna.
  2677 | D:3      | Killed Irreverend's ghost
  2678 | D:3      | Reached XP level 5. HP: 37/45 MP: 5/5
  2790 | D:4      | Reached skill level 5 in Shapeshifting
  3048 | D:4      | Reached XP level 6. HP: 43/51 MP: 6/6
  3150 | D:4      | Reached skill level 6 in Shapeshifting
  3707 | D:5      | Entered Level 5 of the Dungeon
  3717 | D:5      | Your scales start taking on a dull iron-grey colour.
  3717 | D:5      | Reached XP level 7. HP: 49/57 MP: 7/7
  3756 | D:5      | Reached skill level 5 in Unarmed Combat
  3850 | D:5      | Found a runed translucent door.
  3851 | D:5      | Noticed Crazy Yiuf
  4167 | D:5      | Found an iron altar of Okawaru.
  4170 | D:5      | Noticed Prince Ribbit
  4182 | D:5      | Became a worshipper of Warmaster Okawaru
  4188 | D:5      | Killed Prince Ribbit
  4788 | D:5      | Killed Crazy Yiuf
  4789 | D:5      | Reached XP level 8. HP: 63/63 MP: 8/8
  4892 | D:6      | Reached skill level 7 in Shapeshifting
  5162 | D:6      | Identified the ring "Voprarur" {rN+ rCorr MP+9 Int+3
                  | Stlth+}
  5607 | D:6      | Reached skill level 8 in Shapeshifting
  5648 | D:6      | Found a staircase to the Ecumenical Temple.
  5801 | D:7      | Noticed Jeremiah
  5819 | D:7      | Killed from afar by Jeremiah

Illustrated notes

Levels and vault maps discovered:
D:1:      saegor_arrival_simple_c, layout_loops_ring, minmay_misc_feat_chi
D:2:      layout_loops_cross, glass_columns_a, chequers_serial_rivers_micro_a,
          minmay_misc_feat_ornament
D:3:      layout_basic, kennysheep_orc_sif_temple, fedhas_altar_2,
          hellmonk_ghost_happy_afterlife, ebering_ecumenical_altar_hall
D:4:      layout_loops_cross, dreamdust_wishing_well, minmay_misc_feat_square,
          kennysheep_generic_room_15
D:5:      layout_basic, lemuel_round_altar, uniq_prince_ribbit1,
          uniq_crazy_yiuf_cottage
D:6:      layout_basic, minmay_temple_entry_gardened_gates
D:7:      lemuel_ice_spiral_2, layout_basic, mainiacjoe_overflow_alcove_1,
          gammafunk_ghost_cemetery, nicolae_good_shop, uniq_jeremiah

Skill      XL: |  1  2  3  4  5  6  7  8 |
---------------+-------------------------+-----
Fighting       | 2 3 |  3.0
Shapeshifting  | 4 5 6 8 |  8.0
Unarmed Combat | 4 6 |  6.0
Dodging        | |  1.7

Action                     |  1- 3 |  4- 6 |  7- 9 || total
---------------------------+-------+-------+-------++-------
  Melee: Unarmed           |   123 |   132 |   165 ||   420
         Tailslap          |    16 |    24 |    27 ||    67
    Use: Scroll            |     5 |     4 |     4 ||    13
         Potion            |       |       |     1 ||     1
   Stab: Distracted        |       |       |     1 ||     1
 Armour: Skin              |    45 |    68 |    62 ||   175
  Dodge: Dodged            |    67 |    99 |    70 ||   236
  Block: Other             |       |     6 |    31 ||    37
   Form: Flux              |     1 |       |       ||     1

Table legend: (Time is in decaauts)
 A = Elapsed time spent in this place.
 B = Non-inter-level travel time spent in this place.
 C = Inter-level travel time spent in this place.
 D = Time resting spent in this place.
 E = Time spent auto-exploring this place.
 F = Levels seen in this place.
 G = Mean time per level.
                   A        B        C        D        E       F      G
               +--------+--------+--------+--------+--------+-----+--------+
         Total |   5790 |   5664 |    126 |   1156 |   3713 |   7 |  827.1 |
       Dungeon |   5790 |   5664 |    126 |   1156 |   3713 |   7 |  827.1 |
               +--------+--------+--------+--------+--------+-----+--------+

Top non-repeatable levels by time:
     D:3: 1423 daAuts
     D:5: 1124 daAuts
     D:4: 997 daAuts
     D:6: 924 daAuts
     D:1: 798 daAuts
     D:2: 478 daAuts
     D:7: 44 daAuts
